 Dungeon Crawl Stone Soup version 0.23-a0-303-gfcac5de (webtiles) character file.

482 Amnesiac the Digger (level 6, -3/53 HPs)
             Began as a Troll Earth Elementalist on Oct 7, 2018.
             Was a Believer of Vehumet.
             Slain by Edmund
             ... wielding a +2 flail of draining
              (4 damage)
             ... on level 4 of the Dungeon on Oct 8, 2018.
             The game lasted 00:09:29 (3652 turns).

Amnesiac the Digger (Troll Earth Elementalist)      Turns: 3652, Time: 00:09:30

Health: -3/53      AC:  5    Str: 17    XL:     6   Next: 87%
Magic:  7/8        EV:  9    Int: 13    God:    Vehumet [**....]
Gold:   131        SH:  0    Dex: 20    Spells: 6/9 levels left

rFire    . . .     SeeInvis .   (no weapon)
rCold    . . .     Gourm    +   (no shield)
rNeg     . . .     Faith    .   c - +0 robe
rPois    .         Spirit   .   (helmet restricted)
rElec    .         Reflect  .   (no cloak)
rCorr    .         Harm     .   (gloves unavailable)
MR       .....                  (boots unavailable)
Stlth    ++........             (no amulet)
HPRegen  0.57/turn              t - +4 ring of dexterity
MPRegen  0.11/turn              s - +6 ring of dexterity

@: very heavily drained
A: large, unfitting armour, claws 3, fast metabolism 3, gourmand, regeneration
1, shaggy fur 1, tough skin 2
a: Renounce Religion


You were on level 4 of the Dungeon.
You worshipped Vehumet.
Vehumet was pleased with you.
You were very full.

You visited 1 branch of the dungeon, and saw 5 of its levels.

You collected 131 gold pieces.

Inventory:

Hand Weapons
 f - a +0 blowgun
Missiles
 b - 145 stones (quivered)
 u - 16 poisoned needles
Armour
 c - a +0 robe (worn)
 p - a +0 shield
Jewellery
 q - an uncursed ring of see invisible
 s - a +6 ring of dexterity (right claw)
 t - a +4 ring of dexterity (left claw)
 w - a cursed ring of attention {unknown}
Wands
 y - a wand of iceblast (7)
Scrolls
 a - a scroll of fear {!r, unknown}
 g - 2 scrolls of fog {!r, unknown}
 h - a scroll of magic mapping {!r, unknown}
 i - a scroll of remove curse {!r, unknown}
 l - 10 scrolls of identify {!r, unknown}
 n - a scroll of noise {!r, unknown}
 o - 3 scrolls of teleportation {!r, unknown}
 v - a scroll of enchant armour {!r, unknown}
Potions
 e - a potion of flight {!q}
 j - a potion of heal wounds {!q}
 k - a potion of curing {!q, unknown}
 m - a potion of cancellation {!q, unknown}
 r - a potion of mutation {!q, unknown}
 x - a potion of brilliance {!q, unknown}
Comestibles
 d - 12 rations
 z - 4 chunks of flesh


   Skills:
 - Level 1.5(0.0) Dodging
 + Level 1.0(0.0) Stealth
 + Level 2.0(0.0) Shields
 - Level 3.1(0.0) Unarmed Combat
 + Level 2.3(0.0) Spellcasting
 - Level 1.0(0.0) Transmutations
 * Level 4.9(1.6) Earth Magic


You had 6 spell levels left.
You knew the following spells:

 Your Spells              Type           Power        Failure   Level  Hunger
a - Sandblast             Erth           #.....       16%         1    ##.....
b - Passwall              Tmut/Erth      #.......     34%         2    ###....

Your spell library contained the following spells:

 Spells                   Type           Power        Failure   Level  Hunger
 Flame Tongue             Conj/Fire      #....        30%         1    ##.....
 Corona                   Hex            #......      30%         1    ##.....
 Pain                     Necr           #...         30%         1    ##.....
 Ensorcelled Hibernation  Hex/Ice        #.....       43%         2    ###....
 Stone Arrow              Conj/Erth      #.....       56%         3    ####...
 Confuse                  Hex            #.......     67%         3    ####...
 Dazzling Spray           Conj/Hex       #.....       67%         3    ####...
 Tukima's Dance           Hex            #.......     67%         3    ####...
 Petrify                  Tmut/Erth      #.......     92%         4    #####..
 Lee's Rapid Deconstruct  Erth           #.........   99%         5    ######.


Dungeon Overview and Level Annotations

Branches:
Dungeon (5/15)
 Temple: D:4-7

Altars:
Cheibriados
Hepliaklqana
Kikubaaqudgha
Sif Muna
Trog
Vehumet
The Shining One

Annotations:
D:4 Edmund, Pikel


Innate Abilities, Weirdness & Mutations

You are too large for most types of armour.
You have claws for hands.
Your metabolism is lightning-fast.
You like to eat raw meat.
Your natural rate of healing is unusually fast.
You are covered in fur. (AC +1)
You have very tough skin. (AC +2)


Message History

* * * LOW HITPOINT WARNING * * *
You feel drained.
You scratch Edmund but do no damage.
Edmund is almost dead.
Edmund hits you with a flail of draining.
* * * LOW HITPOINT WARNING * * *
You feel drained.
You scratch Edmund but do no damage.
Edmund is almost dead.
Edmund hits you with a flail of draining.
* * * LOW HITPOINT WARNING * * *
You feel drained.
* * * LOW HITPOINT WARNING * * *
You are too injured to fight recklessly!
You are too injured to fight recklessly!
You are too injured to fight recklessly!
You are too injured to fight recklessly!
You are too injured to fight recklessly!
You are too injured to fight recklessly!
You are too injured to fight recklessly!
You are too injured to fight recklessly!
You are too injured to fight recklessly!
You are too injured to fight recklessly!
You are too injured to fight recklessly!
You are too injured to fight recklessly!
You are too injured to fight recklessly!
You are too injured to fight recklessly!
You are too injured to fight recklessly!
You are too injured to fight recklessly!
You are too injured to fight recklessly!
You are too injured to fight recklessly!
You are too injured to fight recklessly!
You are too injured to fight recklessly!
You are too injured to fight recklessly!
You are too injured to fight recklessly!
You are too injured to fight recklessly!
You are too injured to fight recklessly!
You are too injured to fight recklessly!
You are too injured to fight recklessly!
You are too injured to fight recklessly!
You are too injured to fight recklessly!
You are too injured to fight recklessly!
You are too injured to fight recklessly!
You are too injured to fight recklessly!
You are too injured to fight recklessly!
You are too injured to fight recklessly!
Casting: Sandblast (safe; 12% risk of failure)
Confirm with . or Enter, or press ? or * to list all spells.
Aiming: Sandblast (safe; 12% risk of failure)
Press: ? - help, Shift-Dir - straight line, f - Edmund
Aim: Edmund, wielding a flail of draining and wearing a scale mail (almost The blast of sand misses Edmund.
b - 145 stones Edmund hits you with a flail of draining.
* * * LOW HITPOINT WARNING * * *
You feel drained.
You barely miss Edmund.
Edmund is almost dead.
Edmund hits you with a flail of draining!
* * * LOW HITPOINT WARNING * * *
You feel drained.
* * * LOW HITPOINT WARNING * * *
Edmund hits you with a flail of draining.
You die...

......#..######÷######..#########
......#..##$.........#..........
......#...##..⌠.⌠..##...########
......#...###..#..###...####
......#......#._..##.......##
.####.#..#..#######...###...###
.####.#..#...####.....#.......#
.##...........................#
.##.........##..@#............#
.##.....###.##.@.................
.##.....# #..##............###
........# #..#...........#####
.÷....#.# ...#....?...........
#.###########...#......##.......#
........>.......#.####...........
#.#####............ ....#.......#
#.# #.......#.#.###...#....##..


You could see Edmund.

Vanquished Creatures
  A scorpion (D:4)
  2 hounds (D:4)
  An orc priest (D:3)
  4 orc wizards
  Natasha (twice) (D:4)
  A worker ant (D:4)
  6 adders
  A dart slug (D:4)
  2 leopard geckos (D:3)
  18 orcs
  4 giant cockroaches
  6 hobgoblins
  6 jackals (D:3)
  7 kobolds
  A quokka (D:3)
  2 ball pythons (D:4)
  7 bats
  3 frilled lizards
  10 goblins
  5 rats
89 creatures vanquished.

Notes
Turn   | Place    | Note
-------+----------+-------------------------------------------
     0 | D:1      | Amnesiac the Troll Earth Elementalist began the quest for
                  | the Orb.
     0 | D:1      | Reached XP level 1. HP: 16/16 MP: 1/1
   190 | D:3      | Reached skill level 1 in Unarmed Combat
   201 | D:3      | Reached XP level 2. HP: 24/24 MP: 2/2
   209 | D:3      | Learned a level 2 spell: Passwall
   230 | D:3      | Reached XP level 3. HP: 23/31 MP: 3/3
   326 | D:2      | Reached skill level 1 in Transmutations
   326 | D:2      | Reached skill level 3 in Earth Magic
   326 | D:2      | Reached XP level 4. HP: 29/39 MP: 3/5
   364 | D:3      | Found a glowing golden altar of the Shining One.
   421 | D:5      | Entered Level 5 of the Dungeon
   445 | D:4      | Found a radiant altar of Vehumet.
   451 | D:4      | Found an ancient bone altar of Kikubaaqudgha.
   452 | D:4      | Found a deep blue altar of Sif Muna.
   457 | D:4      | Identified Kikubaaqudgha's Catalogue of Sinister Arts
   532 | D:4      | Noticed Edmund
   586 | D:4      | Noticed Pikel
   586 | D:4      | Noticed a slave
   586 | D:4      | Noticed a slave
   586 | D:4      | Noticed a slave
   587 | D:4      | Noticed a slave
   728 | D:4      | Became a worshipper of Vehumet
   829 | D:1      | Upgraded the game from 0.23-a0-301-g9da9e51 to
                  | 0.23-a0-303-gfcac5de
  2020 | D:2      | Reached * piety under Vehumet
  2020 | D:2      | Offered knowledge of Sting by Vehumet.
  2202 | D:2      | Found a bloodstained altar of Trog.
  2203 | D:2      | Found a hazy altar of Hepliaklqana.
  2417 | D:3      | Found a faded altar of an unknown god.
  2424 | D:3      | Reached XP level 5. HP: 45/45 MP: 6/6
  2723 | D:3      | Reached skill level 1 in Shields
  2733 | D:3      | Reached skill level 4 in Earth Magic
  2783 | D:3      | Offered knowledge of Flame Tongue by Vehumet.
  2783 | D:3      | Reached XP level 6. HP: 17/53 MP: 6/8
  3219 | D:3      | Reached ** piety under Vehumet
  3396 | D:4      | Noticed Natasha
  3402 | D:4      | Killed Natasha
  3495 | D:4      | Noticed Natasha
  3500 | D:4      | Killed Natasha
  3606 | D:4      | Found a snail-covered altar of Cheibriados.
  3652 | D:4      | HP: 2/53 [Edmund/flail of draining (9)]
  3652 | D:4      | Slain by Edmund

Vault maps used:
D:1:      dpeg_arrival_water_fire, serial_forest, infiniplex_forest_straight_2,
          infiniplex_forest_lined_2, infiniplex_forest_zigzag_1,
          infiniplex_forest_lined_room_, infiniplex_forest_join,
          infiniplex_forest_clump_diagonal, minmay_misc_feat_enclosed,
          serial_park_tiny_1, nrook_loot_triangle
D:2:      chequers_temple_overflow_statue_of_worship, first_ration
D:3:      tso_oasis_becter, chequers_ecumenical_altar_simple_redux,
          minmay_misc_feat_doors, lightli_corner_chamber
D:4:      grunt_temple_overflow_magic_moments, minmay_ruined_shrine,
          uniq_natasha, uniq_pikel, uniq_edmund
D:5:      ebering_ghost_sewer_d, uniq_sigmund

Skill      XL: |  1  2  3  4  5  6 |
---------------+-------------------+-----
Unarmed Combat | 2 3 |  3.1
Transmutations | 1 |  1.0
Earth Magic    | 3 4 |  4.9
Shields        | 1 2 |  2.0
Spellcasting   | 2 |  2.3
Dodging        | |  1.5
Stealth        | |  1.0

Action                   |  1- 3 |  4- 6 || total
-------------------------+-------+-------++-------
Melee: Unarmed           |    41 |   253 ||   294
       Punch             |       |     1 ||     1
 Cast: Sandblast         |       |    31 ||    31
  Use: Potion            |       |     2 ||     2
 Stab: Sleeping          |       |     3 ||     3
  Eat: Chunk             |     1 |    39 ||    40
Armor: Robe              |    11 |   120 ||   131
Dodge: Dodged            |    36 |   132 ||   168

Table legend:
 A = Non-vault XP
 B = Vault XP
 C = Vault XP percentage of total XP
 D = Non-vault monster count
 E = Vault monster count
 F = Vault count percentage of total count
                 A         B        C        D         E       F
            +---------+---------+-------+---------+---------+-------
      Total |     560 |     129 |  18.7 |      84 |       5 |   5.6
            +---------+---------+-------+---------+---------+-------
        D:1 |      19 |       0 |   0.0 |      13 |       0 |   0.0
        D:2 |      86 |       0 |   0.0 |      20 |       0 |   0.0
        D:3 |     303 |       0 |   0.0 |      45 |       0 |   0.0
        D:4 |     152 |     129 |  45.9 |       6 |       5 |  45.5
            +---------+---------+-------+---------+---------+-------
